[Event "Titled Tuesday Blitz August 08 Early 2023"]
[White "dr_tatiana"]
[Black "Burmakin, Vladimir"]
[BlackFideId "4105109"]
[WhiteElo "2381"]
[BlackElo "2534"]
[Result "0-1"]
[Round "9"]
[TimeControl "180+1"]
[Date "2023.08.08"]
[WhiteClock "0:00:06"]
[BlackClock "0:00:20"]
[Board "102"]

1. e4 c6 2. d4 d5 3. f3 Qb6 4. Nc3 dxe4 5. fxe4 e5 6. Nf3 exd4 7. Qxd4 Qxd4 8. Nxd4 Nd7 9. Nf5 Ne5 10. Bf4 f6 11. O-O-O g6 12. Nd6+ Bxd6 13. Rxd6 Ke7 14. Rd4 h5 15. Be2 Nh6 16. Rhd1 Nhf7 17. a4 a5 18. b3 Be6 19. Kb2 g5 20. Be3 c5 21. Nd5+ Bxd5 22. Rxd5 b6 23. c3 h4 24. b4 axb4 25. cxb4 cxb4 26. Bxb6 Rxa4 27. Bc5+ Ke6 28. Ra1 Rxa1 29. Kxa1 h3 30. g3 Rb8 31. Bd1 b3 32. Kb2 Nc4+ 33. Kb1 Nfe5 34. Be2 b2 35. Bd4 Nd2+ 36. Kc2 b1=Q+ 37. Kxd2 Rb2+ 38. Ke3 Rxe2+ 39. Kxe2 Qd3+ 0-1


[Site "https://www.chess.com"]

[Event "Titled Tuesday Blitz August 08 Early 2023"]
[White "Parpiev, Isaak"]
[Black "Krzywda, Andrzej"]
[WhiteFideId "34281576"]
[BlackFideId "1114565"]
[WhiteElo "2533"]
[BlackElo "2379"]
[Result "1-0"]
[Round "9"]
[TimeControl "180+1"]
[Date "2023.08.08"]
[WhiteClock "0:00:22"]
[BlackClock "0:00:15"]
[Board "103"]

1. e4 e5 2. Nf3 Nf6 3. Nxe5 d6 4. Nf3 Nxe4 5. Nc3 Nxc3 6. dxc3 Be7 7. Be3 Nd7 8. Qd2 Ne5 9. O-O-O Nxf3 10. gxf3 Be6 11. Kb1 Qd7 12. Rg1 Rg8 13. c4 c5 14. Bd3 g6 15. Qc3 O-O-O 16. Be4 Qc7 17. Bd5 Bf5 18. Bxf7 Rgf8 19. Bd5 Bf6 20. Qb3 Rfe8 21. a4 Kb8 22. Rd2 Re7 23. Rgd1 a6 24. Bf4 Ka7 25. Be3 Be5 26. f4 Bf6 27. Bf3 Be4 28. Bxe4 Rxe4 29. Rd5 Re6 30. f5 gxf5 31. Rxf5 Be5 32. f4 Rf6 33. Rxf6 Bxf6 34. Rd3 Rg8 35. Ka2 b6 36. h3 Qc6 37. Bd2 Rg2 38. Bc3 Bxc3 39. Rxc3 Rf2 40. Rg3 Rxf4 41. Rg7+ Ka8 42. Rxh7 Qe4 43. Rh8+ Ka7 44. a5 Qxc4 45. axb6+ Kb7 46. Rh7+ Kb8 47. Qxc4 Rxc4 48. h4 Ra4+ 49. Kb1 Rb4 50. b7 Rb6 51. h5 d5 52. c3 Re6 53. h6 Re2 54. Rg7 Rh2 55. h7 Ka7 56. b8=Q+ Kxb8 57. Rg8+ Kb7 58. h8=Q Rxh8 59. Rxh8 Kb6 60. Kc2 Kb5 61. b3 Ka5 62. Rb8 d4 63. cxd4 cxd4 64. b4+ Ka4 65. Kd3 a5 66. bxa5 Kxa5 67. Kxd4 Ka6 68. Kc5 Ka7 69. Rb1 1-0


[Site "https://www.chess.com"]

[Event "Titled Tuesday Blitz August 08 Early 2023"]
[White "Baghdasaryan, Vahe"]
[Black "Amanov, Zhanibek"]
[WhiteFideId "13303139"]
[BlackFideId "13700189"]
[WhiteElo "2525"]
[BlackElo "2362"]
[Result "0-1"]
[Round "9"]
[TimeControl "180+1"]
[Date "2023.08.08"]
[WhiteClock "0:00:04"]
[BlackClock "0:00:04"]
[Board "104"]

1. e4 c5 2. c3 Nf6 3. e5 Nd5 4. Nf3 e6 5. Bc4 d6 6. d4 Nc6 7. Qe2 dxe5 8. dxe5 Be7 9. O-O Nb6 10. Bb3 O-O 11. Rd1 Qc7 12. Bc2 f5 13. exf6 Bxf6 14. Na3 e5 15. Nb5 Qe7 16. Be3 Bg4 17. Qd3 g6 18. Bh6 Rfd8 19. Qe3 Nc4 20. Bb3 Be6 21. Bxc4 Bxc4 22. Na3 Be6 23. Bg5 Bxg5 24. Nxg5 Bf5 25. f3 Rxd1+ 26. Rxd1 Rd8 27. Rxd8+ Qxd8 28. h4 b6 29. Ne4 Qxh4 30. Nd6 Ne7 31. Nac4 Qf4 32. Qxe5 Qxe5 33. Nxe5 Nd5 34. Nxf5 gxf5 35. Nc6 a6 36. Kf2 f4 37. c4 Ne3 38. Ne7+ Kf7 39. Nc8 Nxc4 40. b3 Ne5 41. Nxb6 Nd3+ 42. Ke2 Nb4 43. Kd2 Nxa2 44. Nc4 Nb4 45. Kc3 Nd5+ 46. Kd3 Ke6 47. Ke4 h5 48. Nd2 Ne3 49. Kd3 Nxg2 50. Ke4 h4 51. Nf1 h3 52. Nh2 a5 53. Ng4 Kd6 54. Kd3 Kc6 55. Kc4 Ne3+ 56. Kc3 Nxg4 57. fxg4 h2 0-1


[Site "https://www.chess.com"]

[Event "Titled Tuesday Blitz August 08 Early 2023"]
[White "Topalov, Aleksandar"]
[Black "Domingo Nunez, Alejandro"]
[WhiteFideId "925659"]
[BlackFideId "22245561"]
[WhiteElo "2368"]
[BlackElo "2522"]
[Result "0-1"]
[Round "9"]
[TimeControl "180+1"]
[Date "2023.08.08"]
[WhiteClock "0:00:00"]
[BlackClock "0:00:27"]
[Board "105"]

1. b3 d6 2. Bb2 Nd7 3. c4 Ngf6 4. e3 g6 5. Nf3 Bg7 6. d3 O-O 7. Be2 c5 8. O-O Rb8 9. Nc3 a6 10. d4 Ne8 11. Qd2 Nc7 12. a4 b6 13. d5 b5 14. axb5 axb5 15. cxb5 Nf6 16. Bc4 Bd7 17. Qd3 Ng4 18. h3 Ne5 19. Nxe5 Bxe5 20. f4 Bg7 21. Ra7 Nxb5 22. Nxb5 Bxb2 23. Nc3 Bf5 24. e4 Bxc3 25. exf5 Bd4+ 26. Kh1 Bf6 27. g4 Qb6 28. Ra2 Ra8 29. Rg2 Ra3 30. g5 Bd4 31. h4 Rfa8 32. h5 Ra2 33. fxg6 hxg6 34. hxg6 Rxg2 35. gxf7+ Kg7 36. Kxg2 Ra2+ 37. Kf3 Kxf7 38. Qf5+ Ke8 39. Qc8+ Kf7 40. Rh1 Qb4 0-1


[Site "https://www.chess.com"]

[Event "Titled Tuesday Blitz August 08 Early 2023"]
[White "Jahnz, Fabian"]
[Black "Martin Barcelo, Carles"]
[WhiteFideId "4653300"]
[BlackFideId "24561444"]
[WhiteElo "2338"]
[BlackElo "2517"]
[Result "0-1"]
[Round "9"]
[TimeControl "180+1"]
[Date "2023.08.08"]
[WhiteClock "0:00:55"]
[BlackClock "0:00:57"]
[Board "106"]

1. e4 Nc6 2. Nf3 e5 3. Bc4 Bc5 4. c3 Nf6 5. d3 h6 6. Nbd2 a5 7. h3 d6 8. Nf1 O-O 9. Ng3 Ba7 10. O-O Ne7 11. Nh4 d5 12. Bb3 Ng6 13. Nxg6 fxg6 14. exd5 Nxd5 15. Bxd5+ Qxd5 16. Qb3 Be6 17. Qxd5 Bxd5 18. Be3 Bxe3 19. fxe3 Rxf1+ 20. Rxf1 Bxa2 21. Ra1 Bb3 22. Ne4 b6 23. Nd2 Bc2 24. d4 exd4 25. exd4 Re8 26. Kf2 Kf7 27. Nc4 g5 28. Ne5+ Ke6 29. Re1 Kf6 30. Nd7+ Kf7 31. Ne5+ Kf8 32. Ng6+ Bxg6 33. Rf1 Ke7 34. Ke3 Kd6+ 35. Kd2 Ke7 36. b4 axb4 37. cxb4 Ra8 38. Re1+ Kf6 39. Kc3 Ra3+ 40. Kc4 c6 41. d5 cxd5+ 42. Kxd5 Rb3 43. Re6+ Kf7 44. Rxb6 Bd3 45. Kd4 Bf1 46. Rb7+ Kf6 47. Rb6+ Kf5 48. g4+ Kf4 49. Rb7 Bxh3 50. Rf7+ Kxg4 51. Kc4 Rb1 52. Rxg7 Bg2 53. b5 Bf1+ 54. Kd4 Rxb5 55. Ke3 Rf5 56. Rh7 h5 57. Rh6 h4 58. Rh7 Bg2 59. Rh6 h3 60. Rh7 Kg3 0-1


[Site "https://www.chess.com"]

[Event "Titled Tuesday Blitz August 08 Early 2023"]
[White "Ansh M Shah"]
[Black "rikchessmx"]
[WhiteFideId "25033379"]
[WhiteElo "2517"]
[BlackElo "2351"]
[Result "1-0"]
[Round "9"]
[TimeControl "180+1"]
[Date "2023.08.08"]
[WhiteClock "0:01:07"]
[BlackClock "0:02:02"]
[Board "107"]

1. d4 Nf6 2. c4 e6 3. g3 d5 4. Bg2 c6 5. Nf3 Nbd7 6. O-O dxc4 7. a4 b5 8. axb5 cxb5 9. Ne5 Nd5 10. Nc3 Nxe5 11. dxe5 Nxc3 12. Qxd8+ Kxd8 13. bxc3 Rb8 14. Rxa7 Bd7 15. Rd1 Bc5 16. Raxd7+ Ke8 17. Bc6 1-0


[Site "https://www.chess.com"]

[Event "Titled Tuesday Blitz August 08 Early 2023"]
[White "Valle Maytin, Luis Enrique"]
[Black "Lehtosaari, Mauri"]
[WhiteFideId "3503666"]
[BlackFideId "501999"]
[WhiteElo "2338"]
[BlackElo "2517"]
[Result "0-1"]
[Round "9"]
[TimeControl "180+1"]
[Date "2023.08.08"]
[WhiteClock "0:00:00"]
[BlackClock "0:00:13"]
[Board "108"]

1. d4 d5 2. Nf3 Nf6 3. e3 c6 4. Bd3 Bg4 5. h3 Bh5 6. g4 Bg6 7. Ne5 Bxd3 8. cxd3 e6 9. f4 Nfd7 10. g5 Nxe5 11. dxe5 g6 12. h4 h5 13. d4 Nd7 14. Nc3 Nb6 15. b3 Nc8 16. a4 Bb4 17. Bd2 Qa5 18. Rc1 Ne7 19. Ke2 Nf5 20. Kf3 Qd8 21. Ne2 Ba3 22. Ra1 Qe7 23. Qc2 O-O 24. Ng3 Ng7 25. Rhb1 Bb4 26. Rc1 Rfc8 27. Bxb4 Qxb4 28. Qc3 Qe7 29. b4 b6 30. Rc2 Rc7 31. Rac1 Rac8 32. e4 dxe4+ 33. Nxe4 Nf5 34. Rh1 Rd8 35. Rd2 Kf8 36. Nf6 Rdc8 37. Ne4 Qd8 38. Ng3 Qd5+ 39. Ne4 Rd7 40. Rhh2 Kg7 41. Rd3 Nxd4+ 42. Ke3 Nf5+ 43. Kd2 Qxe4 44. Rxd7 Qxf4+ 45. Kc2 Qxh2+ 46. Kb3 Qf4 47. Rxa7 c5 48. b5 Nd4+ 49. Ka2 Qxe5 50. Qd3 Qd5+ 0-1


[Site "https://www.chess.com"]

[Event "Titled Tuesday Blitz August 08 Early 2023"]
[White "Nemec, Jachym"]
[Black "Doluhanova, Evgeniya"]
[WhiteFideId "23716525"]
[BlackFideId "14112035"]
[WhiteElo "2511"]
[BlackElo "2325"]
[Result "1-0"]
[Round "9"]
[TimeControl "180+1"]
[Date "2023.08.08"]
[WhiteClock "0:00:30"]
[BlackClock "0:00:03"]
[Board "109"]

1. d4 Nf6 2. c4 e6 3. Nf3 b6 4. a3 Bb7 5. Nc3 Be7 6. d5 d6 7. e4 e5 8. Be2 O-O 9. O-O Nbd7 10. Qc2 a5 11. Rb1 Nh5 12. Nxe5 Nxe5 13. Bxh5 Nxc4 14. Re1 Ne5 15. Nb5 Ba6 16. Be2 Qd7 17. a4 c6 18. dxc6 Nxc6 19. Be3 Rac8 20. Qb3 Qb7 21. Rbd1 Nb4 22. Bf3 Bxb5 23. axb5 Nc2 24. Re2 Nxe3 25. Rxe3 Qc7 26. Rc3 Qb8 27. Be2 Rc5 28. Rxc5 dxc5 29. Bc4 Bf6 30. Rd7 Qe8 31. Qd3 g6 32. Qd5 Kg7 33. b3 Bd4 34. g3 h5 35. Kg2 Qe5 36. Rxf7+ Rxf7 37. Qxf7+ Kh6 38. f3 Qf6 39. Qe8 Kg7 40. f4 Bc3 41. e5 Qf5 42. Qg8+ Kh6 43. Qh8# 1-0


[Site "https://www.chess.com"]

[Event "Titled Tuesday Blitz August 08 Early 2023"]
[White "Fernandez Siles, Luis"]
[Black "ATM622"]
[WhiteFideId "2209420"]
[WhiteElo "2322"]
[BlackElo "2510"]
[Result "0-1"]
[Round "9"]
[TimeControl "180+1"]
[Date "2023.08.08"]
[WhiteClock "0:00:15"]
[BlackClock "0:00:03"]
[Board "110"]

1. e4 c6 2. d4 d5 3. exd5 cxd5 4. c4 e6 5. Nc3 Nf6 6. Nf3 Bb4 7. cxd5 exd5 8. Bd2 O-O 9. Bd3 Re8+ 10. Ne2 Bd6 11. O-O Bg4 12. Nc3 Nc6 13. Be3 a6 14. h3 Bh5 15. g4 Bg6 16. Bg5 Be7 17. Ne5 Qd6 18. f4 Bxd3 19. Qxd3 Nb4 20. Qd2 Ne4 21. Nxe4 dxe4 22. Bxe7 Rxe7 23. Nc4 Qd5 24. Ne3 Qb5 25. a4 Qb6 26. a5 Qb5 27. Rac1 Nd3 28. Rc2 h6 29. Qc3 Rd8 30. d5 Red7 31. f5 b6 32. f6 g6 33. Qd4 Nc5 34. b4 Nb3 35. Qxe4 bxa5 36. h4 axb4 37. h5 Nc5 38. Rxc5 Qxc5 39. hxg6 Rf8 40. gxf7+ Rfxf7 41. Qg6+ Kf8 42. Re1 Rxd5 43. Qxh6+ Ke8 44. Kg2 Kd7 45. Nxd5 Qxd5+ 46. Kf2 Qd4+ 47. Kg3 Qd6+ 48. Kh4 Qxf6+ 49. Qxf6 Rxf6 50. Re4 a5 51. g5 Rg6 52. Kh5 Rg8 53. g6 Kd6 54. Kh6 Kd5 55. Rh4 Kc5 56. Kh7 Rd8 57. g7 b3 58. Rf4 Rd7 59. Kh8 Rxg7 60. Kxg7 b2 61. Rf1 a4 62. Kf6 a3 63. Ke5 a2 0-1


[Site "https://www.chess.com"]

[Event "Titled Tuesday Blitz August 08 Early 2023"]
[White "Sariego Figueredo, Wilfredo"]
[Black "Perske, Thore"]
[WhiteFideId "3500080"]
[BlackFideId "12902195"]
[WhiteElo "2301"]
[BlackElo "2510"]
[Result "0-1"]
[Round "9"]
[TimeControl "180+1"]
[Date "2023.08.08"]
[WhiteClock "0:00:00"]
[BlackClock "0:00:10"]
[Board "111"]

1. d4 d5 2. Bf4 c5 3. e3 Nc6 4. c3 Qb6 5. Qb3 c4 6. Qc2 Bf5 7. Qxf5 Qxb2 8. Qxd5 Nf6 9. Qxc4 Qxa1 10. Qb3 O-O-O 11. Bb5 Nd5 12. Bxc6 bxc6 13. Qb8+ Kd7 14. Qb7+ Ke6 15. Qxc6+ Rd6 16. Bxd6 Qxb1+ 17. Ke2 exd6 18. Nh3 Qxh1 19. c4 Nf6 20. Nf4+ Kf5 21. Qc8+ Kg5 22. h3 h5 23. Kf3 Qb1 24. Qd8 h4 25. Nd5 Qe4+ 26. Ke2 Qc2+ 27. Kf3 Kg6 28. Nxf6 gxf6 29. Qd7 Qd1+ 30. Ke4 Qc2+ 31. Kf3 Qf5+ 0-1


[Site "https://www.chess.com"]

[Event "Titled Tuesday Blitz August 08 Early 2023"]
[White "Fominykh, Maria"]
[Black "Willy, Stephen"]
[WhiteFideId "4142411"]
[BlackFideId "30981468"]
[WhiteElo "2289"]
[BlackElo "2507"]
[Result "1/2-1/2"]
[Round "9"]
[TimeControl "180+1"]
[Date "2023.08.08"]
[WhiteClock "0:00:04"]
[BlackClock "0:00:06"]
[Board "112"]

1. d4 d5 2. c4 g6 3. cxd5 Nf6 4. Nf3 Bg7 5. g3 Nxd5 6. Bg2 O-O 7. O-O Nc6 8. e4 Nb6 9. d5 Ne5 10. Nxe5 Bxe5 11. Nc3 a5 12. Bh6 Bg7 13. Bxg7 Kxg7 14. Qd4+ f6 15. Rfd1 e5 16. dxe6 Qxd4 17. Rxd4 Bxe6 18. Nb5 Rad8 19. Nxc7 Bf7 20. Nd5 Nd7 21. Rc1 Rc8 22. Rdc4 Rxc4 23. Rxc4 Rd8 24. Rc7 b5 25. a3 Ne5 26. b4 axb4 27. axb4 Kf8 28. f4 Nc4 29. Kf2 f5 30. Rc5 fxe4 31. Bxe4 Nd6 32. Bg2 Ra8 33. Nc7 Ra2+ 34. Kg1 Ra1+ 35. Kf2 Ra2+ 36. Kg1 Bc4 37. Bd5 Ra1+ 38. Kg2 Nf5 39. Bxc4 bxc4 40. Ne6+ Ke7 41. Nd4 Nxd4 42. Rxc4 Ne6 43. b5 Kd6 44. Rc6+ Kd7 45. Rc2 Rb1 46. Rd2+ Ke7 47. Ra2 h5 48. Ra7+ Kf6 49. Rb7 Kf5 50. h3 Ke4 51. Re7 Kd5 52. Rd7+ Kc5 53. Re7 Nd4 54. Re5+ Kc4 55. g4 h4 56. f5 Rb2+ 57. Kf1 gxf5 58. gxf5 Rxb5 59. Rxb5 Kxb5 60. f6 Kc5 61. f7 Ne6 62. Kf2 Kd6 63. Kf3 Ke7 64. Kg4 Kxf7 65. Kxh4 Kf6 66. Kg4 Ng7 67. h4 Kg6 68. h5+ Nxh5 1/2-1/2


[Site "https://www.chess.com"]

[Event "Titled Tuesday Blitz August 08 Early 2023"]
[White "Feliz Dotel, Dewar Bienvenido"]
[Black "NicolaiMaxime"]
[WhiteFideId "6402801"]
[WhiteElo "2194"]
[BlackElo "2506"]
[Result "0-1"]
[Round "9"]
[TimeControl "180+1"]
[Date "2023.08.08"]
[WhiteClock "0:00:04"]
[BlackClock "0:00:43"]
[Board "113"]

1. d4 Nf6 2. e3 e6 3. Nf3 b6 4. Nbd2 Bb7 5. Bd3 Be7 6. b3 g5 7. e4 g4 8. Ne5 h5 9. Bb2 d6 10. Nec4 Nc6 11. a3 Qd7 12. Qe2 O-O-O 13. O-O-O Kb8 14. Kb1 d5 15. Ne5 Nxe5 16. dxe5 Nxe4 17. Nxe4 dxe4 18. Bxe4 Qc8 19. Bxb7 Qxb7 20. f3 Rxd1+ 21. Rxd1 gxf3 22. gxf3 Rd8 23. Rxd8+ Bxd8 24. f4 Qh1+ 25. Ka2 h4 26. Qd2 Kc8 27. a4 h3 28. Qd3 Qxh2 29. Qa6+ Kb8 30. Qd3 Bh4 31. a5 Qg2 32. a6 Kc8 33. Qh7 h2 34. Qxf7 Qc6 35. Qg8+ Bd8 36. Ba3 h1=Q 37. Be7 Qxc2+ 38. Ka3 Qa1+ 0-1


[Site "https://www.chess.com"]

[Event "Titled Tuesday Blitz August 08 Early 2023"]
[White "Putri, Regita Desyari"]
[Black "Liu, Casper"]
[WhiteFideId "7109083"]
[BlackFideId "1454153"]
[WhiteElo "2185"]
[BlackElo "2500"]
[Result "0-1"]
[Round "9"]
[TimeControl "180+1"]
[Date "2023.08.08"]
[WhiteClock "0:00:29"]
[BlackClock "0:01:26"]
[Board "114"]

1. d4 Nf6 2. c4 g6 3. Nf3 Bg7 4. g3 O-O 5. Bg2 b6 6. O-O Bb7 7. Nc3 e6 8. Qc2 c5 9. e4 cxd4 10. Nxd4 Nc6 11. Ndb5 Rc8 12. Nd6 Rc7 13. Nxb7 Rxb7 14. a3 Rc7 15. Bf4 Rc8 16. Rad1 e5 17. Bg5 Nd4 18. Qa4 Qc7 19. Bxf6 Bxf6 20. Nd5 Qc6 21. Qxc6 Rxc6 22. Rfe1 Kg7 23. Rc1 Rfc8 24. Ne3 Bg5 25. Red1 Bxe3 26. fxe3 Ne2+ 27. Kf2 Nxc1 28. Rxc1 Rxc4 0-1


[Site "https://www.chess.com"]

[Event "Titled Tuesday Blitz August 08 Early 2023"]
[White "Yashmetov, Mikhail"]
[Black "Aepfler, Christian"]
[WhiteFideId "24198900"]
[BlackFideId "4628306"]
[WhiteElo "2494"]
[BlackElo "2134"]
[Result "1/2-1/2"]
[Round "9"]
[TimeControl "180+1"]
[Date "2023.08.08"]
[WhiteClock "0:00:05"]
[BlackClock "0:00:25"]
[Board "115"]

1. d4 d6 2. Nf3 Nf6 3. c4 c6 4. g3 Bg4 5. Bg2 Nbd7 6. Nc3 e5 7. O-O Be7 8. dxe5 Nxe5 9. Nxe5 dxe5 10. Qb3 Qb6 11. Be3 Qc7 12. h3 Be6 13. Rfd1 O-O 14. Qa4 a6 15. c5 Rfd8 16. Rxd8+ Rxd8 17. Rd1 Rxd1+ 18. Qxd1 Qd7 19. Qxd7 Nxd7 20. b4 a5 21. a3 axb4 22. axb4 f5 23. f4 e4 24. Bd4 Bf6 25. e3 b6 26. Bf1 bxc5 27. bxc5 Nxc5 28. Bxf6 gxf6 29. Kf2 Kf7 30. Ke1 Ke7 31. Kd2 Kd6 32. Kc2 Bb3+ 33. Kb2 Be6 34. Ka3 Nd3 35. Bxd3 exd3 36. Kb2 Kc5 37. Kc1 h5 38. Kd2 Kc4 39. Nd1 Bd5 40. Nb2+ Kc5 41. Nxd3+ Kd6 42. Ne1 Be4 43. Kc3 Kd5 44. Kb3 Kc5 45. Kc3 Kb5 46. Kd4 c5+ 47. Kc3 Kb6 48. Nd3 Bxd3 49. Kxd3 Kc6 50. e4 fxe4+ 51. Kxe4 Kd6 52. g4 hxg4 53. hxg4 Ke6 54. Ke3 Kd6 55. Kd3 Kd5 56. Ke3 c4 57. Kd2 Ke4 58. g5 fxg5 59. fxg5 Kf5 60. Kc3 Kxg5 61. Kxc4 1/2-1/2


[Site "https://www.chess.com"]

[Event "Titled Tuesday Blitz August 08 Early 2023"]
[White "Golubev, Mikhail"]
[Black "Nguyen Hong Nhung"]
[WhiteFideId "14100983"]
[BlackFideId "12412201"]
[WhiteElo "2633"]
[BlackElo "2458"]
[Result "0-1"]
[Round "9"]
[TimeControl "180+1"]
[Date "2023.08.08"]
[WhiteClock "0:00:00"]
[BlackClock "0:00:13"]
[Board "116"]

1. e4 c5 2. Nf3 e6 3. d4 cxd4 4. Nxd4 Nc6 5. Nc3 Qc7 6. Be3 a6 7. Bd3 Nf6 8. O-O b5 9. Nxc6 dxc6 10. a4 b4 11. Nb1 c5 12. Nd2 Bb7 13. Qe2 Be7 14. f3 Bd6 15. f4 c4 16. Nxc4 Nxe4 17. Rad1 Bc5 18. Bxe4 Bxe4 19. Bxc5 Qxc5+ 20. Kh1 Bd5 21. Rxd5 Qxd5 22. Nb6 Qb7 23. Nxa8 O-O 24. Qf3 Qa7 25. Rd1 Rxa8 26. g3 h6 27. Kg2 Rc8 28. Rd2 Qc5 29. Qe4 a5 30. Rf2 Qb6 31. f5 exf5 32. Qxf5 Qb7+ 33. Qf3 Qc7 34. Qe3 Qc6+ 35. Qf3 Qd7 36. Qe4 Qxa4 37. Qf5 Qc6+ 38. Kh3 Rf8 39. Re2 Qc4 40. Qe4 Qb5 41. Qe3 a4 42. Qf3 a3 43. bxa3 bxa3 44. Re3 a2 45. Ra3 Qb2 46. Qb3 a1=Q 0-1


[Site "https://www.chess.com"]

[Event "Titled Tuesday Blitz August 08 Early 2023"]
[White "Gamayev, Oleg"]
[Black "Herman, Daniel"]
[WhiteFideId "2802813"]
[BlackFideId "30935008"]
[WhiteElo "2602"]
[BlackElo "2403"]
[Result "0-1"]
[Round "9"]
[TimeControl "180+1"]
[Date "2023.08.08"]
[WhiteClock "0:00:00"]
[BlackClock "0:00:11"]
[Board "117"]

1. d3 e5 2. e4 Nf6 3. Nf3 Nc6 4. Be2 d5 5. exd5 Nxd5 6. O-O Be7 7. Re1 O-O 8. c3 Bf5 9. Bf1 Bf6 10. Nbd2 g6 11. Ne4 Bg7 12. Bd2 h6 13. b4 a6 14. a4 Bc8 15. Qc2 f5 16. Ng3 Be6 17. b5 axb5 18. axb5 Rxa1 19. Rxa1 Nb8 20. Re1 Nd7 21. c4 N5b6 22. Bc3 f4 23. Ne4 Bf5 24. h3 Qe7 25. d4 Re8 26. d5 Nc5 27. Bb4 Nbd7 28. Nfd2 b6 29. Bd3 Rf8 30. Nxc5 Nxc5 31. Bxf5 gxf5 32. Nb3 e4 33. Bc3 Qg5 34. Bxg7 Qxg7 35. Nxc5 bxc5 36. Kh2 Ra8 37. Qd2 Qe5 38. f3 Ra3 39. b6 cxb6 40. d6 Ra8 41. d7 Rd8 42. Rb1 e3 43. Qd3 Qe6 44. Rd1 Kf7 45. Qb3 Rxd7 46. Rxd7+ Qxd7 47. Qxb6 e2 48. Qxh6 e1=Q 49. Qh7+ Ke8 50. Qg8+ Ke7 51. Qg7+ Kd8 52. Qf8+ Kc7 53. Qxc5+ Qc6 54. Qa7+ Kd6 55. Qd4+ Ke7 56. Qg7+ Kd6 57. Qd4+ Kc7 58. Qa7+ Qb7 59. Qc5+ Kb8 60. Qf8+ Ka7 61. Qa3+ Qa6 62. Qc5+ Kb8 0-1


[Site "https://www.chess.com"]

[Event "Titled Tuesday Blitz August 08 Early 2023"]
[White "Toktomushev, Teimur"]
[Black "Zarnicki, Pablo"]
[WhiteFideId "14176726"]
[BlackFideId "100137"]
[WhiteElo "2423"]
[BlackElo "2602"]
[Result "1-0"]
[Round "9"]
[TimeControl "180+1"]
[Date "2023.08.08"]
[WhiteClock "0:00:12"]
[BlackClock "0:00:15"]
[Board "118"]

1. d4 Nf6 2. c4 g6 3. Nc3 Bg7 4. e4 d6 5. f3 O-O 6. Be3 b6 7. Nge2 c5 8. Qd2 Nc6 9. O-O-O a6 10. g4 Bd7 11. h4 h5 12. g5 Ne8 13. Kb1 cxd4 14. Nxd4 Ne5 15. f4 Ng4 16. Bg1 Nc7 17. f5 b5 18. Bh3 Ne5 19. cxb5 axb5 20. fxg6 fxg6 21. Bxd7 Qxd7 22. Qe2 b4 23. Nd5 Nxd5 24. exd5 Qa4 25. b3 Qa3 26. Ne6 Rf3 27. Bd4 Bh8 28. Rhf1 Rf5 29. Rxf5 gxf5 30. Rf1 Ng4 31. Bxh8 Kxh8 32. Rxf5 Rc8 33. Qb2+ Qxb2+ 34. Kxb2 Ne3 35. Rf3 Nxd5 36. g6 Kg8 37. g7 Nf6 38. Rf5 Kf7 39. Ng5+ Kg6 40. Rb5 Kxg7 41. Rxb4 Rc5 42. Ne6+ Kf7 43. Nxc5 dxc5 44. Rc4 Nd7 45. a4 Ke6 46. a5 Kd5 47. Rf4 e5 48. Rf5 Nb8 49. Rxh5 Nc6 50. a6 Kd4 51. Rh6 Na7 52. Rh7 Nb5 53. a7 Nxa7 54. Rxa7 e4 55. Rd7+ Ke3 56. Re7 Kf3 57. h5 e3 58. h6 e2 59. h7 e1=Q 60. Rxe1 Kf2 61. Rc1 c4 62. Rxc4 Ke2 63. h8=Q Kd2 64. Qh2+ Kd1 65. Rd4+ Ke1 66. Qd2+ Kf1 67. Rf4+ Kg1 68. Qf2+ Kh1 69. Rh4# 1-0


[Site "https://www.chess.com"]

[Event "Titled Tuesday Blitz August 08 Early 2023"]
[White "Legenia, Artem"]
[Black "NovoselovRoman"]
[WhiteFideId "14136945"]
[WhiteElo "2399"]
[BlackElo "2601"]
[Result "1/2-1/2"]
[Round "9"]
[TimeControl "180+1"]
[Date "2023.08.08"]
[WhiteClock "0:00:19"]
[BlackClock "0:00:04"]
[Board "119"]

1. e4 d5 2. exd5 Qxd5 3. Qf3 Qd6 4. Bc4 Nf6 5. h3 Nc6 6. Ne2 Ne5 7. Qb3 Nxc4 8. Qxc4 c6 9. Nbc3 Bf5 10. d3 e6 11. Bf4 Qd8 12. Qb3 Qd7 13. g4 Bg6 14. O-O-O Be7 15. Ng3 b5 16. a4 b4 17. Nce4 Nd5 18. Bd2 f5 19. gxf5 exf5 20. Rhe1 fxe4 21. dxe4 Nf6 22. e5 Nd5 23. f4 Qxh3 24. Rg1 Qe6 25. f5 Bxf5 26. Nxf5 Qxf5 27. Rdf1 Qe6 28. Rxg7 O-O-O 29. Kb1 Qxe5 30. Rff7 Rhf8 31. Rxf8 Rxf8 32. Rxh7 Qe2 33. Qh3+ Kb8 34. Bh6 Rf1+ 35. Ka2 Qd1 36. Rh8+ Kb7 37. Qc8+ Kb6 38. Qb8+ Kc5 39. Qxa7+ Kd6 40. Be3 Qb1+ 41. Kb3 Rf3 42. Qc5+ Kd7 43. Qa7+ Nc7 44. Rh7 Qe1 45. Rxe7+ Kxe7 46. Qxc7+ Kf8 47. Qd6+ Kg7 48. Qd7+ Rf7 49. Qg4+ Kh7 50. Qh5+ Kg8 51. Qg6+ Rg7 52. Qe8+ Kh7 53. Qh5+ Kg8 54. Qe5 Qg3 55. Qe8+ Kh7 56. Qh5+ Kg8 57. Qe8+ Kh7 58. Qh5+ Kg8 59. Qe8+ 1/2-1/2


[Site "https://www.chess.com"]

[Event "Titled Tuesday Blitz August 08 Early 2023"]
[White "Rakhimgaliyev, Yerlan"]
[Black "Prokofiev, Valentyn"]
[WhiteFideId "13705148"]
[BlackFideId "14160161"]
[WhiteElo "2394"]
[BlackElo "2564"]
[Result "0-1"]
[Round "9"]
[TimeControl "180+1"]
[Date "2023.08.08"]
[WhiteClock "0:00:06"]
[BlackClock "0:00:08"]
[Board "120"]

1. e4 c5 2. Nc3 Nc6 3. f4 d6 4. Nf3 g6 5. Bc4 Bg7 6. O-O e6 7. d3 Nge7 8. a3 O-O 9. Qe1 d5 10. Ba2 Nd4 11. Qf2 Nxf3+ 12. Qxf3 Bd4+ 13. Kh1 b6 14. f5 gxf5 15. Bh6 Re8 16. exd5 Bb7 17. dxe6 Bxf3 18. exf7+ Kh8 19. fxe8=Q+ Qxe8 20. Rxf3 Qg6 21. Bf4 Re8 22. Raf1 Qf6 23. Bd2 Rf8 24. Re1 Ng6 25. Nd5 Qd6 26. c3 Be5 27. d4 cxd4 28. cxd4 Bxd4 29. Bb4 Qd8 30. Rd1 Bxb2 31. Nc3 Qc8 32. Rb1 Ne5 33. Rxb2 Nxf3 34. gxf3 Kg7 35. Nd5 Kh6 36. Bd2+ Kh5 37. Nf4+ Kh4 38. Kg2 Rg8+ 39. Kf2 Qc5+ 40. Be3 Qc3 41. Rd2 Re8 42. Ng2+ Kh3 43. Bf7 Rxe3 44. Nf4+ Kxh2 45. Ng2 Rxf3+ 46. Ke2 Rf2+ 47. Kxf2 Qxd2+ 48. Kf3 Qxg2+ 49. Kf4 Qg3+ 50. Kxf5 Qxa3 51. Ke6 Qc5 0-1


[Site "https://www.chess.com"]

[Event "Titled Tuesday Blitz August 08 Early 2023"]
[White "Souleidis, Georgios"]
[Black "EsmeraldasAnderson03"]
[WhiteFideId "4206827"]
[WhiteElo "2535"]
[BlackElo "2389"]
[Result "1-0"]
[Round "9"]
[TimeControl "180+1"]
[Date "2023.08.08"]
[WhiteClock "0:00:04"]
[BlackClock "0:00:44"]
[Board "121"]

1. e4 c5 2. Be2 d6 3. d3 g6 4. f4 Bg7 5. Nf3 e6 6. O-O Ne7 7. c3 O-O 8. Be3 b5 9. a3 Bb7 10. d4 cxd4 11. Bxd4 Bxe4 12. Bxg7 Kxg7 13. Qd4+ Kg8 14. Qxe4 d5 15. Qe5 Nbc6 16. Qg5 Qb6+ 17. Kh1 Nf5 18. Nbd2 a5 19. Bd3 Ne3 20. Qh6 Ng4 21. Qh4 h5 22. h3 Ne3 23. Rfe1 b4 24. Qf2 d4 25. Nxd4 Nd5 26. axb4 axb4 27. f5 bxc3 28. bxc3 Nxc3 29. Rxa8 Rxa8 30. fxg6 f5 31. N2f3 e5 32. Qh4 Nxd4 33. Qxh5 Qc7 34. Nxe5 Qxe5 35. Rxe5 Ra1+ 36. Kh2 Ra6 37. Qh7+ 1-0


[Site "https://www.chess.com"]